 Dungeon Crawl Stone Soup version 0.30-a0-159-g068b764562 (webtiles) character file.

Game seed: 17413075314688610813

152 qw the Chopper (level 5, -2/32 HPs)
             Began as a Gargoyle Fighter on Sept 27, 2022.
             Slain by an orc wizard
             ... wielding a +0 dagger
              (3 damage)
             ... on level 3 of the Dungeon.
             The game lasted 00:01:13 (2696 turns).

qw the Chopper (Gargoyle Fighter)                   Turns: 2696, Time: 00:01:13

Health: -2/32      AC: 10    Str: 21    XL:     5   Next: 34%
Magic:  5/5        EV:  9    Int:  9    God:
Gold:   87         SH:  0    Dex:  9    Spells: 4/4 levels left

rFire   . . .      SeeInvis .    Y - +2 war axe
rCold   . . .      Faith    .    c - +0 buckler
rNeg    + . .      Spirit   .    b - +0 scale mail
rPois   inf        Reflect  .    (no helmet)
rElec   +          Harm     .    (no cloak)
rCorr   .          Rampage  .    (no gloves)
Will    .....                    (no boots)
Stlth   ..........               (no amulet)
HPRegen 0.10/turn                (no ring)
MPRegen 0.09/turn                (no ring)

@: confused
A: sickness immunity, AC +4, negative energy resistance 1, electricity
resistance, torment resistance 1, petrification resistance
a: no special abilities


You were on level 3 of the Dungeon.
You visited 1 branch of the dungeon, and saw 3 of its levels.

You collected 87 gold pieces.


Innate Abilities, Weirdness & Mutations

You are immune to sickness and miasma.
Your stone body is resilient. (AC +4)
You are immune to poison.
You resist negative energy. (rN+)
You are resistant to electric shocks. (rElec)
You are resistant to unholy torment.
You are immune to petrification.


   Skills:
 - Level 3.2 Fighting
 + Level 4.9 Axes
 - Level 3.2 Armour
 - Level 3.2 Shields


You had 4 spell levels left.
You didn't know any spells.
Your spell library was empty.

Inventory:

Hand Weapons
 m - a +0 mace
 Y - a +2 war axe (weapon)
Armour
 b - a +0 scale mail (worn)
 c - a +0 buckler (worn)
 h - the +1 leather armour of Howling Wind {rN+ Stlth+}
   (You found it on level 3 of the Dungeon)

   rN:        It protects you from negative energy.
   Stlth:     It makes you more stealthy.
 n - the +1 robe "Byatud" {rCorr}
   (You found it on level 2 of the Dungeon)

   rCorr:     It protects you from acid and corrosion.
Scrolls
 a - a scroll of identify
 g - 3 scrolls of poison {unknown}
 i - a scroll of amnesia {unknown}
Potions
 d - a potion of might
 e - 3 potions of curing {unknown}
 f - a potion of attraction
 j - a potion of lignification {unknown}
 k - a potion of flight {unknown}

Dungeon Overview and Level Annotations

Branches:
Dungeon (3/15)

Altars:
Cheibriados


Message History

You're too confused to attack without stumbling around!
There is a strange disturbance nearby!
Something hits you but does no damage.
You're too confused to attack without stumbling around!
There is a strange disturbance nearby!
Something hits you but does no damage.
You're too confused to attack without stumbling around!
There is a strange disturbance nearby!
Something hits you but does no damage.
You're too confused to attack without stumbling around!
There is a strange disturbance nearby!
Something hits you but does no damage.
You're too confused to attack without stumbling around!
There is a strange disturbance nearby!
You hear some strange, mumbled words.
You are more confused.
You're too confused to attack without stumbling around!
There is a strange disturbance nearby!
Something hits you but does no damage.
You're too confused to attack without stumbling around!
There is a strange disturbance nearby!
Something hits you but does no damage.
You're too confused to attack without stumbling around!
There is a strange disturbance nearby!
You hear some strange, mumbled words.
A magic dart appears from out of thin air!
The magic dart hits you.
You're too confused to attack without stumbling around!
There is a strange disturbance nearby!
Something hits you but does no damage.
You're too confused to attack without stumbling around!
There is a strange disturbance nearby!
Something hits you but does no damage.
You're too confused to attack without stumbling around!
There is a strange disturbance nearby!
Something hits you but does no damage.
You're too confused to attack without stumbling around!
There is a strange disturbance nearby!
Something hits you.
You die...

#....# #.....#
#..... #....#
#.....####...#
#####+###
#.....%.......
#.......#
#.....###.#...
#.......#
#.....# #.#...
#.......#
####'## #.####
........######.#
#.#
......%.'......#
#.#
.......@########
#.#
......){)......
#.#
.........######
#.# ..........
#.# .#######.#.
#.# .#.# .# . .#
##


There were no monsters in sight!

Vanquished Creatures
  An orc priest (D:3)
  4 adders
  A worm (D:2)
  3 dart slugs
  5 orcs (D:3)
  7 bats
  9 endoplasms
  4 giant cockroaches
  4 goblins
  6 hobgoblins
  5 jackals
  3 kobolds
  3 quokkas
  3 ball pythons
  8 frilled lizards
  4 rats
70 creatures vanquished.

Vanquished Creatures (others)
  15 plants
15 creatures vanquished.

Grand Total: 85 creatures vanquished

Notes
Turn   | Place    | Note
-------+----------+-------------------------------------------
     0 | D:1      | qw the Gargoyle Fighter began the quest for the Orb.
     0 | D:1      | Reached XP level 1. HP: 14/14 MP: 1/1
     0 | D:1      | 0 ||| qw: Version: 0.2-a-10-g37ed214
     0 | D:1      | 0 ||| qw: Game counter: 565
     0 | D:1      | 0 ||| qw: Always use a shield: true
     0 | D:1      | 0 ||| qw: God list: Okawaru
     0 | D:1      | 0 ||| qw: Allow faded altars: false
     0 | D:1      | 0 ||| qw: Do Orc after D:15 true
     0 | D:1      | 0 ||| qw: Do second Lair branch before Depths: true
     0 | D:1      | 0 ||| qw: Lair rune preference: random
     0 | D:1      | 0 ||| qw: Plans: Normal, Zot:1-4, God:TSO, Crypt, Tomb,
                  | Pan, Slime:5, Hells, Abyss, Orb
     0 | D:1      | 0 ||| PLANNING D:1-11
    60 | D:1      | Reached skill level 2 in Axes
   156 | D:1      | Reached XP level 2. HP: 17/19 MP: 2/2
   670 | D:1      | Found a faded altar of an unknown god.
   705 | D:1      | Reached skill level 3 in Axes
  1019 | D:1      | 1019 ||| READING 2 scrolls labelled FAFEXOR XIAMUOD.
  1020 | D:1      | 1020 ||| READING scroll labelled RATEAH NAJA.
  1079 | D:2      | Reached XP level 3. HP: 22/23 MP: 3/3
  1156 | D:2      | 1156 ||| Stepping ~*~*~tactically~*~*~ (stealth).
  1420 | D:2      | 1420 ||| Stepping ~*~*~tactically~*~*~ (stealth).
  1527 | D:2      | 1527 ||| Stepping ~*~*~tactically~*~*~ (stealth).
  1545 | D:2      | Reached XP level 4. HP: 22/28 MP: 4/4
  1846 | D:2      | Reached skill level 4 in Axes
  1879 | D:2      | 1879 ||| DROPPING +0 club.
  1995 | D:2      | Identified the +1 robe "Byatud" {rCorr}
  2138 | D:2      | 2138 ||| READING scroll labelled QUF UNEOD NEG.
  2139 | D:2      | 2139 ||| READING 2 scrolls labelled CEPOLI OTAUDY.
  2140 | D:2      | 2140 ||| READING scroll of enchant weapon.
  2140 | D:2      | 2140 ||| ENCHANTING +1 war axe.
  2141 | D:2      | 2141 ||| READING scroll labelled ZUHEVIEHUXT.
  2142 | D:2      | 2142 ||| READING scroll labelled FAUGID XARACZA.
  2143 | D:2      | 2143 ||| READING 3 scrolls of identify.
  2143 | D:2      | 2143 ||| IDENTIFYING ruby potion
  2144 | D:2      | 2144 ||| READING 2 scrolls of identify.
  2144 | D:2      | 2144 ||| IDENTIFYING fizzy blue potion
  2145 | D:2      | 2145 ||| DROPPING potion of ambrosia.
  2258 | D:3      | 2258 ||| Stepping ~*~*~tactically~*~*~ (stealth).
  2265 | D:3      | 2265 ||| Stepping ~*~*~tactically~*~*~ (stealth).
  2271 | D:3      | 2271 ||| FLEEEEING.
  2272 | D:3      | 2272 ||| FLEEEEING.
  2275 | D:3      | 2275 ||| FLEEEEING.
  2277 | D:3      | 2277 ||| FLEEEEING.
  2278 | D:3      | 2278 ||| FLEEEEING.
  2279 | D:3      | 2279 ||| FLEEEEING.
  2280 | D:3      | 2280 ||| FLEEEEING.
  2281 | D:3      | 2281 ||| FLEEEEING.
  2282 | D:3      | 2282 ||| FLEEEEING.
  2285 | D:3      | 2285 ||| FLEEEEING.
  2286 | D:3      | 2286 ||| FLEEEEING.
  2287 | D:3      | 2287 ||| FLEEEEING.
  2288 | D:3      | 2288 ||| FLEEEEING.
  2289 | D:3      | 2289 ||| FLEEEEING.
  2290 | D:3      | 2290 ||| FLEEEEING.
  2344 | D:3      | 2344 ||| Stepping ~*~*~tactically~*~*~ (stealth).
  2364 | D:3      | 2364 ||| Stepping ~*~*~tactically~*~*~ (stealth).
  2480 | D:3      | Found a snail-covered altar of Cheibriados.
  2512 | D:3      | Identified the +1 leather armour of Howling Wind {rN+
                  | Stlth+}
  2541 | D:3      | 2541 ||| Stepping ~*~*~tactically~*~*~ (hiding).
  2666 | D:3      | 2666 ||| Stepping ~*~*~tactically~*~*~ (stealth).
  2670 | D:3      | Reached XP level 5. HP: 32/32 MP: 5/5
  2673 | D:3      | HP: 7/32 [orc priest/+0 flail (8)]
  2678 | D:3      | HP: 6/32 [orc/+0 club (2)]
  2692 | D:3      | HP: 1/32 [something/magic dart (6)]
  2696 | D:3      | Slain by an orc wizard

Levels and vault maps discovered:
D:1:      nzn_arrival_depleted_hourglass, layout_basic,
          hellmonk_ecumenical_altar_slurped_away, hex_medium
D:2:      layout_loops_ring, st_stairs_3, hangedman_decor_clover_reticule,
          serial_bayou_pond_c
D:3:      layout_basic, cheibriados_altar_1, minmay_crystal_water,
          minmay_lizard_king

Skill      XL: |  1  2  3  4 |
---------------+-------------+-----
Axes           | 2 3 4 |  4.9
Fighting       | |  3.2
Armour         | |  3.2
Shields        | |  3.2

Action                   |  1- 3 |  4- 6 || total
-------------------------+-------+-------++-------
Melee: War axe           |   124 |   115 ||   239
  Use: Scroll            |     2 |     7 ||     9
Armor: Scale mail        |    68 |    80 ||   148
Dodge: Dodged            |    56 |    45 ||   101
Block: Buckler           |    15 |    24 ||    39

Table legend:
 A = Non-vault XP
 B = Vault XP
 C = Vault XP percentage of total XP
 D = Non-vault monster count
 E = Vault monster count
 F = Vault count percentage of total count
                 A         B        C        D         E       F
            +---------+---------+-------+---------+---------+-------
      Total |     209 |       9 |   4.1 |      62 |       8 |  11.4
            +---------+---------+-------+---------+---------+-------
        D:1 |      30 |       2 |   6.2 |      16 |       1 |   5.9
        D:2 |      83 |       2 |   2.4 |      23 |       2 |   8.0
        D:3 |      96 |       5 |   5.0 |      23 |       5 |  17.9
            +---------+---------+-------+---------+---------+-------
